Map: Frozen Temple

Players

Rayvenx

  • Race: Terran Terran
  • League: Diamond

Blitz - Winner!

  • Race: Terran Terran
  • League: Master

VOD

Have the link to the VOD?

Description

Time

  • Played on: April 24, 2016, 10:42 a.m.
  • Length: 6:40
Show
View Real Time Build Order
Export as new Build Order

Rayvenx Terran 

Build Orders: 1/1/1, Banshee Rush 

Get SALT Encoding   

  12  0:01  SCV  
  13  0:13  SCV  
  14  0:18  Supply Depot  
  14  0:25  SCV  
  15  0:34  Refinery  
  15  0:39  SCV  
  16  0:46  Barracks  
  16  0:51  SCV  
  17  1:03  SCV  
  18  1:11  Refinery  
  18  1:16  SCV  
  19  1:33  Orbital Command  
  19  1:37  Factory  
  19  1:38  Marine  
  20  1:53  Supply Depot  
  20  1:55  Marine  
  21  2:02  SCV  
  21  2:13  Marine  
  22  2:20  Starport  
  22  2:21  Factory Tech Lab  
  22  2:23  SCV  
  23  2:31  Marine  
  23  2:35  SCV  
  25  2:48  SCV  
  25  2:50  Marine  
  25  2:51  Supply Depot  
  30  3:00  SCV  
  28  3:09  Factory Tech Lab  
  28  3:14  Banshee  
  28  3:15  Cloaking Field  
  30  3:26  Marine  
  31  3:29  SCV  
  31  3:32  Siege Tank  
  35  3:41  SCV, Engineering Bay  
  36  3:47  Supply Depot  
  36  3:53  SCV  
  36  3:54  Marine  
  38  4:08  Banshee  
  41  4:11  Missile Turret  
  41  4:16  Barracks Reactor  
  41  4:17  Missile Turret  
  41  4:19  SCV  
  42  4:27  Cyclone  
  45  4:32  SCV  
  40  5:12  Marine  
  40  5:13  Marine  
  40  5:14  Viking, Missile Turret  
  42  5:16  Siege Tank  
  47  5:27  Command Center  
  47  5:46  Supply Depot  
  47  5:47  SCV, Marine x2  
  50  5:52  Siege Tank  
  53  6:08  Marine x2  
Show
View Real Time Build Order
Export as new Build Order

Blitz Terran - Winner!

Build Orders: 1/1/1, Banshee Rush 

Get SALT Encoding   

  12  0:01  SCV  
  13  0:14  Supply Depot  
  13  0:18  SCV  
  14  0:25  Refinery  
  14  0:30  SCV  
  15  0:42  Barracks  
  15  0:46  SCV  
  16  0:56  Refinery  
  16  0:58  SCV  
  17  1:10  SCV  
  18  1:30  Reaper  
  18  1:31  Orbital Command  
  19  1:42  Factory  
  19  1:55  Supply Depot  
  19  1:57  SCV  
  20  2:02  Reaper  
  21  2:12  SCV  
  22  2:25  SCV  
  22  2:28  Starport  
  22  2:29  Hellion  
  25  2:41  Barracks Tech Lab  
  25  2:46  SCV, Supply Depot  
  25  2:51  Hellion  
  28  3:01  SCV  
  27  3:27  Cloaking Field  
  27  3:28  Banshee  
  27  3:29  Barracks Reactor  
  27  3:31  SCV  
  31  3:42  Factory Tech Lab  
  31  3:53  Supply Depot, Command Center  
  31  4:02  Engineering Bay  
  31  4:06  Widow Mine  
  33  4:11  Viking  
  33  4:14  Marine x2  
  37  4:17  SCV  
  38  4:28  Missile Turret  
  38  4:39  Missile Turret  
  38  4:43  SCV  
  39  4:52  Siege Tank  
  42  4:56  Marine  
  42  4:59  SCV, Marine  
  45  5:05  Banshee  
  48  5:11  SCV  
  48  5:12  Orbital Command  
  49  5:22  Marine x2  
  49  5:24  Siege Tank  
  54  5:30  Supply Depot  
  54  5:37  SCV  
  54  5:38  SCV  
  54  5:41  Marine x2  
  58  5:50  SCV x2  
  58  5:56  Barracks  
  60  5:59  Starport Reactor  
  60  6:02  Marine x2  
  59  6:07  SCV x2  
  63  6:19  SCV  
  63  6:23  SCV  
  62  6:28  Supply Depot  
Tags
 
Add a new tag
Caveats
  • Supply blocks, unpowered buildings, or Contaminate may cause inaccurate times.
  • Supply counts are checked every 10 seconds.